Falcons vs Admirals

Created - Wednesday, January 07, 2015 at 01:02

Goals
1 2 3 OT1 SO T
Falcons 1 0 0 0 0 1
Admirals 1 0 0 0 1 2
Shots
1 2 3 OT1 SO T
Falcons 10 8 6 1 5 25
Admirals 7 7 5 8 5 27

1st period

1. Admirals , Darryl Boyce 6 (Jean-Gabriel Pageau) at 12:34
2. Falcons , Adam Pardy 5 (Cal O'Reilly) at 13:22 (SH)

Penalties :
Brian Connelly (SPR) for Hooking (Minor) at 13:03, Cade Fairchild (NOR) for Interference (Minor) at 18:19

2nd period

No Goal

Penalties :
No Penalty

3rd period

No Goal

Penalties :
Farm Player2 (NOR) for Hooking (Minor) at 8:55

Overtime #1

No Goal

Penalties :
No Penalty

Shootout

Penalty Shot by Cal O'Reilly for Falcons - Stopped by David LeNeveu
Penalty Shot by Mike Zigomanis for Admirals - Stopped by Troy Grosenick
Penalty Shot by Drew Shore for Falcons - Shot Misses the Net
Penalty Shot by Jonathan Marchessault for Admirals - Stopped by Troy Grosenick
Penalty Shot by Chris Thorburn for Falcons - Stopped by David LeNeveu
Penalty Shot by Jean-Gabriel Pageau for Admirals - Shot Misses the Net
Penalty Shot by Austin Watson for Falcons - Shot Misses the Net
Penalty Shot by Carter Camper for Admirals - Stopped by Troy Grosenick
Penalty Shot by Jordan Weal for Falcons - Stopped by David LeNeveu
Penalty Shot by Jerry D'Amigo for Admirals - Goal!

Penalties :
No Penalty

Goalie Stats

Troy Grosenick (SPR), 26 saves from 27 shots - (0.963), OTL, 18-19-5, 65:00 minutes
David LeNeveu (NOR), 24 saves from 25 shots - (0.960), W, 10-7-3, 65:00 minutes

Players Stats for Falcons

Player Name              G  A  P  +/- PIM S  H  SB GA TA FO     MP     PP MP  PK MP  
------------------------------------------------------------------------------------
Adam Pardy               1  0  1   0  0   1  4  1  2  0  0/0    24:13   2:25   1:59 
Austin Watson            0  0  0   0  0   1  1  0  3  0  4/10   20:06   1:58   0:00 
Brian Connelly           0  0  0   0  2   0  3  0  0  1  0/0    26:24   1:33   0:00 
Brian Dumoulin           0  0  0   0  0   1  2  1  0  0  0/0    26:10   1:33   1:59 
Cal O'Reilly             0  1  1   0  0   1  0  1  4  1  5/9    20:11   0:29   1:42 
Carl Klingberg           0  0  0  -1  0   0  1  0  0  1  0/0     6:20   0:07   0:00 
Chad Ruhwedel            0  0  0   0  0   1  0  0  0  0  0/0     6:49   0:00   0:00 
Chris Thorburn           0  0  0  -1  0   2  2  0  3  0  0/0    22:00   1:53   1:03 
Drew Shore               0  0  0   0  0   0  2  0  1  0  0/1    20:53   1:53   0:00 
Jeff Taffe               0  0  0   0  0   1  3  0  1  1  2/2    19:42   0:07   0:00 
Jordan Weal              0  0  0   1  0   4  2  0  2  0  5/16   24:50   1:53   1:13 
Kevin Connauton          0  0  0   0  0   1  0  0  3  1  0/0    19:37   0:00   0:00 
Matt Ellis               0  0  0   0  0   4  4  0  0  1  0/0    14:09   0:00   0:00 
Mitch Callahan           0  0  0   0  0   3  0  0  1  1  1/1    20:23   1:58   0:00 
Nick Shore               0  0  0   0  0   0  0  0  0  0  0/0     0:00   0:00   0:00 
Quinton Howden           0  0  0   0  0   4  2  0  5  0  0/0    19:23   1:36   0:00 
Radek Martinek           0  0  0   0  0   0  0  0  0  0  0/0     0:00   0:00   0:00 
Tyson Strachan           0  0  0   0  0   1  0  4  0  1  0/0    26:50   2:25   0:00 

Players Stats for Admirals

Player Name              G  A  P  +/- PIM S  H  SB GA TA FO     MP     PP MP  PK MP  
------------------------------------------------------------------------------------
Bryan Rodney             0  0  0   0  0   2  2  2  0  0  0/0    26:52   0:33   3:04 
Cade Fairchild           0  0  0   0  2   1  0  1  0  0  0/0    24:52   0:33   1:05 
Carter Ashton            0  0  0   0  0   0  0  0  0  0  0/0     0:00   0:00   0:00 
Carter Camper            0  0  0   0  0   2  1  0  2  1  6/7    16:15   0:00   0:03 
Darryl Boyce             1  0  1   0  0   2  0  0  0  1  0/0    16:19   1:20   0:00 
Farm Player11            0  0  0   1  0   0  0  0  1  0  0/1    17:25   0:00   1:29 
Farm Player2             0  0  0  -1  2   0  1  1  0  1  0/0    24:13   1:26   0:47 
Farm Player42            0  0  0   0  0   0  1  0  0  0  0/1    12:40   0:00   1:52 
Farm Player43            0  0  0   1  0   2  1  0  0  1  0/0    18:48   0:00   1:57 
Jean-Gabriel Pageau      0  1  1   0  0   3  4  0  4  1  10/13  18:22   1:20   0:03 
Jerry D'Amigo            0  0  0   0  0   1  1  0  0  1  0/0    13:26   0:39   0:00 
Jimmy Bonneau            0  0  0   0  0   1  2  1  0  1  0/0    10:48   0:00   0:00 
Jonathan Marchessault    0  0  0   0  0   4  1  1  2  0  1/2    21:04   0:39   2:59 
Mike Sislo               0  0  0   0  0   4  2  0  3  0  0/0    14:39   0:00   0:00 
Mike Zigomanis           0  0  0   0  0   2  4  0  0  1  5/13   23:26   0:32   1:39 
Nathan McIver            0  0  0  -1  0   0  1  0  0  1  0/0    22:34   1:26   0:54 
Ryan Bourque             0  0  0   0  0   1  1  0  1  2  0/2    17:58   0:07   0:00 
Sven Andrighetto         0  0  0   0  0   2  0  0  2  2  0/0    16:19   1:20   0:00 

3 Stars

1 - Troy Grosenick (SPR)
2 - David LeNeveu (NOR)
3 - Adam Pardy (SPR)

Power Play

Falcons - 0 on 2 Attempt(s) - 0.00%
Admirals - 0 on 1 Attempt(s) - 0.00%

Penalty Kill

Falcons - 1 on 1 Attempt(s) - 100.00% - Score 1 goal in Penalty Kill
Admirals - 2 on 2 Attempt(s) - 100.00% - Score 0 goal in Penalty Kill

Team Stat

Falcons - Hits : 26 - Faceoff Wins : 17 - Blocked Shots : 7 - Penalty Minutes : 2
Admirals - Hits : 22 - Faceoff Wins : 22 - Blocked Shots : 6 - Penalty Minutes : 4

Official

Referees : Unknown
Linesman : Unknown

Game Notes

No Game Note

Finance

Level 1 -- Attendance: 1514 (75.70%) -- Ticket Income $52,990
Level 2 -- Attendance: 701 (70.10%) -- Ticket Income $10,515
Total Attendance: 2215 (73.83%)
Total Ticket Income: $63,505
Other Income: $31,117
Total Income: $94,622

Falcons

5 vs 5 Forward 
   Center                   Left Wing                Right Wing               Time % Phy DF OF 
 1 Jordan Weal              Drew Shore               Chris Thorburn           35     1   2  2  
 2 Austin Watson            Quinton Howden           Mitch Callahan           30     1   2  2  
 3 Jordan Weal              Drew Shore               Matt Ellis               22     1   2  2  
 4 Cal O'Reilly             Drew Shore               Jeff Taffe               13     1   2  2  

5 vs 5 Defense 
   Defense                  Defense                                           Time % Phy DF OF 
 1 Tyson Strachan           Adam Pardy                                        35     1   2  2  
 2 Brian Dumoulin           Brian Connelly                                    30     1   2  2  
 3 Tyson Strachan           Brian Dumoulin                                    22     1   2  2  
 4 Brian Connelly           Kevin Connauton                                   13     1   2  2  

PowerPlay Forward 
   Center                   Left Wing                Right Wing               Time % Phy DF OF 
 1 Jordan Weal              Drew Shore               Chris Thorburn           60     1   2  2  
 2 Austin Watson            Quinton Howden           Mitch Callahan           40     1   2  2  

PowerPlay Defense
   Defense                  Defense                                           Time % Phy DF OF 
 1 Tyson Strachan           Adam Pardy                                        60     1   2  2  
 2 Brian Dumoulin           Brian Connelly                                    40     1   2  2  

Penalty Kill 4 Players Forward 
   Center                   Wing                     Time % Phy DF OF 
 1 Jordan Weal              Cal O'Reilly             60     1   2  2  
 2 Chris Thorburn           Austin Watson            40     1   2  2  

Penalty Kill 4 Players Defense
   Defense                  Defense                  Time % Phy DF OF 
 1 Brian Dumoulin           Adam Pardy               60     1   2  2  
 2 Tyson Strachan           Brian Connelly           40     1   2  2  

Penalty Kill - 3 Players Forward 
   Forward                                           Time % Phy DF OF 
 1 Chris Thorburn                                    60     1   2  2  
 2 Austin Watson                                     40     1   2  2  

Penalty Kill - 3 Players Defense
   Defense                  Defense                  Time % Phy DF OF 
 1 Tyson Strachan           Kevin Connauton          60     1   2  2  
 2 Brian Dumoulin           Brian Connelly           40     1   2  2  

4 vs 4 Forward 
   Center                   Wing                     Time % Phy DF OF 
 1 Cal O'Reilly             Jordan Weal              60     1   2  2  
 2 Chris Thorburn           Austin Watson            40     1   2  2  

4 vs 4 Defense
   Defense                  Defense                  Time % Phy DF OF 
 1 Brian Dumoulin           Tyson Strachan           60     1   2  2  
 2 Kevin Connauton          Brian Connelly           40     1   2  2  

Last Minutes Offensive
   Center                   Left Wing                Right Wing               Defense                  Defense                  
   Austin Watson            Drew Shore               Chris Thorburn           Tyson Strachan           Adam Pardy               

Last Minutes Defensive
   Center                   Left Wing                Right Wing               Defense                  Defense                  
   Austin Watson            Drew Shore               Chris Thorburn           Tyson Strachan           Adam Pardy               

Goaltenders
Starting : Troy Grosenick           
Backup : Farm Player77            

Extra Forwards
Normal : Jordan Weal, Cal O'Reilly, Chris Thorburn - PP : Jordan Weal, Cal O'Reilly - PK : Chris Thorburn
Extra Defensemen
Normal : Brian Connelly, Brian Dumoulin, Tyson Strachan - PP : Brian Dumoulin - PK : Brian Dumoulin, Brian Connelly
Penalty Shots
Cal O'Reilly, Drew Shore, Chris Thorburn, Austin Watson, Jordan Weal

Admirals

5 vs 5 Forward 
   Center                   Left Wing                Right Wing               Time % Phy DF OF 
 1 Mike Zigomanis           Jonathan Marchessault    Jerry D'Amigo            35     1   2  2  
 2 Jean-Gabriel Pageau      Darryl Boyce             Sven Andrighetto         30     1   2  2  
 3 Carter Camper            Ryan Bourque             Mike Sislo               22     1   2  2  
 4 Mike Zigomanis           Jimmy Bonneau            Farm Player42            13     1   2  2  

5 vs 5 Defense 
   Defense                  Defense                                           Time % Phy DF OF 
 1 Bryan Rodney             Cade Fairchild                                    35     1   2  2  
 2 Nathan McIver            Farm Player2                                      30     1   2  2  
 3 Farm Player11            Farm Player43                                     22     1   2  2  
 4 Cade Fairchild           Bryan Rodney                                      13     1   2  2  

PowerPlay Forward 
   Center                   Left Wing                Right Wing               Time % Phy DF OF 
 1 Mike Zigomanis           Jonathan Marchessault    Jerry D'Amigo            60     1   2  2  
 2 Jean-Gabriel Pageau      Darryl Boyce             Sven Andrighetto         40     1   2  2  

PowerPlay Defense
   Defense                  Defense                                           Time % Phy DF OF 
 1 Bryan Rodney             Cade Fairchild                                    60     1   2  2  
 2 Nathan McIver            Farm Player2                                      40     1   2  2  

Penalty Kill 4 Players Forward 
   Center                   Wing                     Time % Phy DF OF 
 1 Mike Zigomanis           Jonathan Marchessault    60     1   2  2  
 2 Jean-Gabriel Pageau      Carter Camper            40     1   2  2  

Penalty Kill 4 Players Defense
   Defense                  Defense                  Time % Phy DF OF 
 1 Bryan Rodney             Cade Fairchild           60     1   2  2  
 2 Nathan McIver            Farm Player2             40     1   2  2  

Penalty Kill - 3 Players Forward 
   Forward                                           Time % Phy DF OF 
 1 Mike Zigomanis                                    60     1   2  2  
 2 Jonathan Marchessault                             40     1   2  2  

Penalty Kill - 3 Players Defense
   Defense                  Defense                  Time % Phy DF OF 
 1 Bryan Rodney             Cade Fairchild           60     1   2  2  
 2 Nathan McIver            Farm Player2             40     1   2  2  

4 vs 4 Forward 
   Center                   Wing                     Time % Phy DF OF 
 1 Mike Zigomanis           Jonathan Marchessault    60     1   2  2  
 2 Jean-Gabriel Pageau      Carter Camper            40     1   2  2  

4 vs 4 Defense
   Defense                  Defense                  Time % Phy DF OF 
 1 Bryan Rodney             Cade Fairchild           60     1   2  2  
 2 Nathan McIver            Farm Player2             40     1   2  2  

Last Minutes Offensive
   Center                   Left Wing                Right Wing               Defense                  Defense                  
   Mike Zigomanis           Jonathan Marchessault    Jerry D'Amigo            Bryan Rodney             Cade Fairchild           

Last Minutes Defensive
   Center                   Left Wing                Right Wing               Defense                  Defense                  
   Mike Zigomanis           Jonathan Marchessault    Jerry D'Amigo            Bryan Rodney             Cade Fairchild           

Goaltenders
Starting : David LeNeveu            
Backup : Brad Thiessen            

Extra Forwards
Normal : Ryan Bourque, Mike Sislo, Jonathan Marchessault - PP : Ryan Bourque, Mike Sislo - PK : Mike Zigomanis
Extra Defensemen
Normal : Farm Player11, Farm Player43, Farm Player42 - PP : Farm Player11 - PK : Farm Player43, Farm Player42
Penalty Shots
Mike Zigomanis, Jonathan Marchessault, Jean-Gabriel Pageau, Carter Camper, Jerry D'Amigo

% Time on Ice - Falcons

Lines # - Real PCT - Wanted PCT - Time Play
Normal Forward
1 - 17% - 35% - 9:15
2 - 34% - 30% - 18:32
3 - 25% - 22% - 13:45
4 - 23% - 13% - 12:31
Normal Defense
1 - 32% - 35% - 17:15
2 - 20% - 30% - 10:35
3 - 17% - 22% - 9:07
4 - 32% - 13% - 17:06
PP Forward
1 - 50% - 60% - 2:00
2 - 50% - 40% - 1:58
PP Defense
1 - 61% - 60% - 2:25
2 - 39% - 40% - 1:33
PK Forward
1 - 100% - 60% - 1:59
2 - 0% - 40% - 0:00
PK Defense
1 - 100% - 60% - 1:59
2 - 0% - 40% - 0:00
PK3 Forward
1 - 0% - 60%
2 - 0% - 40%
PK3 Defense
1 - 0% - 60%
2 - 0% - 40%
44 Forward
1 - 100% - 60% - 5:00
2 - 0% - 40% - 0:00
44 Defense
1 - 57% - 60% - 2:52
2 - 43% - 40% - 2:08
Last Minute Offensive  - 0:00
Last Minute Defensive  - 0:00
Total
Forward - 65:00
Defense - 65:00

% Time on Ice - Admirals

Lines # - Real PCT - Wanted PCT - Time Play
Normal Forward
1 - 25% - 35% - 13:15
2 - 29% - 30% - 15:48
3 - 26% - 22% - 14:12
4 - 20% - 13% - 10:48
Normal Defense
1 - 32% - 35% - 17:23
2 - 33% - 30% - 17:42
3 - 29% - 22% - 15:34
4 - 6% - 13% - 3:24
PP Forward
1 - 33% - 60% - 0:39
2 - 67% - 40% - 1:20
PP Defense
1 - 28% - 60% - 0:33
2 - 72% - 40% - 1:26
PK Forward
1 - 99% - 60% - 3:55
2 - 1% - 40% - 0:03
PK Defense
1 - 77% - 60% - 3:04
2 - 23% - 40% - 0:54
PK3 Forward
1 - 0% - 60%
2 - 0% - 40%
PK3 Defense
1 - 0% - 60%
2 - 0% - 40%
44 Forward
1 - 76% - 60% - 3:49
2 - 24% - 40% - 1:11
44 Defense
1 - 49% - 60% - 2:28
2 - 51% - 40% - 2:32
Last Minute Offensive  - 0:00
Last Minute Defensive  - 0:00
Total
Forward - 65:00
Defense - 65:00

Play by Play

1st period


0:01 of 1st period - Mike Zigomanis wins face-off versus Jordan Weal in neutral zone.
0:04 of 1st period - Slapshot by Jerry D'Amigo.
0:04 of 1st period - Shot Blocked by Tyson Strachan.
0:06 of 1st period - Snap shot by Jerry D'Amigo.
0:06 of 1st period - Shot Misses the Net.
0:33 of 1st period - Wrist shot by Jonathan Marchessault.
0:33 of 1st period - Stopped by Troy Grosenick without a rebound.
0:34 of 1st period - Jean-Gabriel Pageau wins face-off versus Austin Watson in Falcons zone.
0:55 of 1st period - Snap shot by Mitch Callahan.
0:55 of 1st period - Shot Misses the Net.
0:57 of 1st period - Snap shot by Austin Watson.
0:57 of 1st period - Stopped by David LeNeveu without a rebound.
0:58 of 1st period - Carter Camper wins face-off versus Drew Shore in Admirals zone.
1:16 of 1st period - Wrist shot by Mike Sislo.
1:16 of 1st period - Shot Misses the Net.
2:39 of 1st period - Darryl Boyce is hit by Drew Shore and loses puck.
2:48 of 1st period - Snap shot by Jean-Gabriel Pageau.
2:48 of 1st period - Deflect By Sven Andrighetto.
2:48 of 1st period - Deflect By Cal O'Reilly.
2:48 of 1st period - Stopped by Troy Grosenick with a rebound.
3:24 of 1st period - Tyson Strachan is hit by Jean-Gabriel Pageau and loses puck.
3:31 of 1st period - Jean-Gabriel Pageau is hit by Quinton Howden and loses puck.
4:53 of 1st period - Matt Ellis is hit by Mike Sislo and loses puck.
5:56 of 1st period - Cal O'Reilly is hit by Farm Player42 and loses puck.
6:10 of 1st period - Snap shot by Jerry D'Amigo.
6:10 of 1st period - Shot Blocked by Tyson Strachan.
7:44 of 1st period - Adam Pardy is hit by Bryan Rodney and loses puck.
7:49 of 1st period - Snap shot by Jerry D'Amigo.
7:49 of 1st period - Shot Misses the Net.
8:15 of 1st period - Backhand shot by Jordan Weal.
8:15 of 1st period - Stopped by David LeNeveu with a rebound.
8:17 of 1st period - Wrist shot by Jordan Weal.
8:17 of 1st period - Shot Blocked by Jimmy Bonneau.
8:19 of 1st period - Snap shot by Kevin Connauton.
8:19 of 1st period - Shot Blocked by Jonathan Marchessault.
8:41 of 1st period - Wrist shot by Chris Thorburn.
8:41 of 1st period - Shot Misses the Net.
8:47 of 1st period - Snap shot by Chris Thorburn.
8:47 of 1st period - Shot Blocked by Farm Player2.
8:49 of 1st period - Slapshot by Brian Dumoulin.
8:49 of 1st period - Stopped by David LeNeveu without a rebound.
8:50 of 1st period - Carter Camper wins face-off versus Cal O'Reilly in Admirals zone.
8:58 of 1st period - Slapshot by Mike Sislo.
8:58 of 1st period - Shot Misses the Net.
9:36 of 1st period - Snap shot by Matt Ellis.
9:36 of 1st period - Stopped by David LeNeveu with a rebound.
9:38 of 1st period - Wrist shot by Drew Shore.
9:38 of 1st period - Shot Misses the Net.
9:40 of 1st period - Snap shot by Matt Ellis.
9:40 of 1st period - Stopped by David LeNeveu without a rebound.
9:41 of 1st period - Jordan Weal wins face-off versus Mike Zigomanis in Admirals zone.
9:56 of 1st period - Snap shot by Jonathan Marchessault.
9:56 of 1st period - Stopped by Troy Grosenick without a rebound.
9:57 of 1st period - Jonathan Marchessault wins face-off versus Austin Watson in Falcons zone.
10:20 of 1st period - Snap shot by Mike Sislo.
10:20 of 1st period - Stopped by Troy Grosenick with a rebound.
10:22 of 1st period - Snap shot by Mike Sislo.
10:22 of 1st period - Shot Misses the Net.
10:34 of 1st period - Snap shot by Carter Camper.
10:34 of 1st period - Stopped by Troy Grosenick with a rebound.
10:36 of 1st period - Snap shot by Mike Sislo.
10:36 of 1st period - Shot Misses the Net.
11:04 of 1st period - Snap shot by Matt Ellis.
11:04 of 1st period - Shot Hit the Post.
11:22 of 1st period - Snap shot by Chris Thorburn.
11:22 of 1st period - Stopped by David LeNeveu with a rebound.
11:24 of 1st period - Slapshot by Chad Ruhwedel.
11:24 of 1st period - Stopped by David LeNeveu with a rebound.
11:26 of 1st period - Slapshot by Jordan Weal.
11:26 of 1st period - Shot Blocked by Bryan Rodney.
11:36 of 1st period - Bryan Rodney is hit by Matt Ellis and loses puck.
12:30 of 1st period - Wrist shot by Darryl Boyce.
12:30 of 1st period - Shot Misses the Net.
12:32 of 1st period - Snap shot by Jean-Gabriel Pageau.
12:32 of 1st period - Stopped by Troy Grosenick with a rebound.
12:34 of 1st period - Wrist shot by Darryl Boyce.
12:34 of 1st period - Goal by Darryl Boyce - Falcons : 0 - Admirals : 1.
12:35 of 1st period - Jean-Gabriel Pageau wins face-off versus Jordan Weal in neutral zone.
13:03 of 1st period - Minor Penalty to Brian Connelly for Hooking.
13:04 of 1st period - Jordan Weal wins face-off versus Jean-Gabriel Pageau in Falcons zone.
13:12 of 1st period - Cal O'Reilly is hit by Farm Player2.
13:22 of 1st period - Slapshot by Adam Pardy.
13:22 of 1st period - Goal by Adam Pardy - Falcons : 1 - Admirals : 1.
13:23 of 1st period - Jordan Weal wins face-off versus Jean-Gabriel Pageau in neutral zone.
13:42 of 1st period - Snap shot by Jean-Gabriel Pageau.
13:42 of 1st period - Shot Misses the Net.
14:20 of 1st period - Jonathan Marchessault is hit by Adam Pardy.
14:40 of 1st period - Wrist shot by Darryl Boyce.
14:40 of 1st period - Shot Blocked by Adam Pardy.
14:52 of 1st period - Darryl Boyce is hit by Chris Thorburn.
15:03 of 1st period - Penalty to Brian Connelly is over, Brian Connelly is back on ice.
15:38 of 1st period - Quinton Howden is hit by Mike Sislo and loses puck.
16:01 of 1st period - Icing by Ryan Bourque.
16:02 of 1st period - Cal O'Reilly wins face-off versus Mike Zigomanis in Admirals zone.
17:31 of 1st period - Carter Camper is hit by Jeff Taffe and loses puck.
18:12 of 1st period - Wrist shot by Quinton Howden.
18:12 of 1st period - Deflect By Mitch Callahan.
18:12 of 1st period - Stopped by David LeNeveu with a rebound.
18:14 of 1st period - Slapshot by Brian Connelly.
18:14 of 1st period - Shot Misses the Net.
18:16 of 1st period - Slapshot by Adam Pardy.
18:16 of 1st period - Deflect By Quinton Howden.
18:16 of 1st period - Shot Misses the Net.
18:16 of 1st period - Puck is out of play.
18:17 of 1st period - Jean-Gabriel Pageau wins face-off versus Austin Watson in Admirals zone.
18:19 of 1st period - Minor Penalty to Cade Fairchild for Interference.
18:20 of 1st period - Austin Watson wins face-off versus Mike Zigomanis in Admirals zone.
18:24 of 1st period - Wrist shot by Quinton Howden.
18:24 of 1st period - Stopped by David LeNeveu with a rebound.
18:26 of 1st period - Slapshot by Austin Watson.
18:26 of 1st period - Shot Blocked by Bryan Rodney.
18:28 of 1st period - Snap shot by Austin Watson.
18:28 of 1st period - Deflect By Quinton Howden.
18:28 of 1st period - Shot Misses the Net.
18:28 of 1st period - Puck is out of play.
18:29 of 1st period - Mike Zigomanis wins face-off versus Austin Watson in Admirals zone.
18:29 of 1st period - Mike Zigomanis is hit by Quinton Howden.
19:03 of 1st period - Bryan Rodney is hit by Adam Pardy.
19:47 of 1st period - Chris Thorburn is hit by Bryan Rodney and loses puck.
Goals for this period are 1 for Falcons vs 1 for Admirals.
Shots for this period are 10 for Falcons vs 7 for Admirals.

2nd period


0:01 of 2nd period - Mike Zigomanis wins face-off versus Jordan Weal in neutral zone.
0:19 of 2nd period - Penalty to Cade Fairchild is over, Cade Fairchild is back on ice.
0:34 of 2nd period - Tyson Strachan is hit by Mike Zigomanis and loses puck.
1:10 of 2nd period - Wrist shot by Jean-Gabriel Pageau.
1:10 of 2nd period - Stopped by Troy Grosenick without a rebound.
1:11 of 2nd period - Carter Camper wins face-off versus Austin Watson in Falcons zone.
1:20 of 2nd period - Backhand shot by Mike Sislo.
1:20 of 2nd period - Shot Misses the Net.
1:22 of 2nd period - Snap shot by Ryan Bourque.
1:22 of 2nd period - Stopped by Troy Grosenick with a rebound.
1:34 of 2nd period - Snap shot by Ryan Bourque.
1:34 of 2nd period - Shot Blocked by Brian Dumoulin.
1:36 of 2nd period - Snap shot by Carter Camper.
1:36 of 2nd period - Shot Misses the Net.
3:54 of 2nd period - Snap shot by Cal O'Reilly.
3:54 of 2nd period - Stopped by David LeNeveu without a rebound.
3:55 of 2nd period - Carter Camper wins face-off versus Cal O'Reilly in Admirals zone.
4:24 of 2nd period - Mike Zigomanis is hit by Austin Watson and loses puck.
4:39 of 2nd period - Snap shot by Jordan Weal.
4:39 of 2nd period - Shot Misses the Net.
5:10 of 2nd period - Backhand shot by Jordan Weal.
5:10 of 2nd period - Stopped by David LeNeveu with a rebound.
6:59 of 2nd period - Wrist shot by Jerry D'Amigo.
6:59 of 2nd period - Stopped by Troy Grosenick without a rebound.
7:00 of 2nd period - Austin Watson wins face-off versus Mike Zigomanis in Falcons zone.
7:34 of 2nd period - Wrist shot by Mike Sislo.
7:34 of 2nd period - Shot Misses the Net.
8:20 of 2nd period - Snap shot by Matt Ellis.
8:20 of 2nd period - Shot Misses the Net.
8:51 of 2nd period - Wrist shot by Sven Andrighetto.
8:51 of 2nd period - Deflect By Cal O'Reilly.
8:51 of 2nd period - Stopped by Troy Grosenick with a rebound.
8:53 of 2nd period - Wrist shot by Sven Andrighetto.
8:53 of 2nd period - Shot Blocked by Cal O'Reilly.
9:00 of 2nd period - Icing by Cal O'Reilly.
9:01 of 2nd period - Jeff Taffe wins face-off versus Mike Zigomanis in Falcons zone.
9:12 of 2nd period - Quinton Howden is hit by Jerry D'Amigo and loses puck.
9:49 of 2nd period - Slapshot by Farm Player43.
9:49 of 2nd period - Stopped by Troy Grosenick with a rebound.
9:51 of 2nd period - Slapshot by Farm Player43.
9:51 of 2nd period - Stopped by Troy Grosenick with a rebound.
9:53 of 2nd period - Snap shot by Mike Zigomanis.
9:53 of 2nd period - Stopped by Troy Grosenick without a rebound.
9:54 of 2nd period - Mike Zigomanis wins face-off versus Jordan Weal in Falcons zone.
10:53 of 2nd period - Farm Player43 is hit by Matt Ellis and loses puck.
11:01 of 2nd period - Jean-Gabriel Pageau is hit by Brian Dumoulin and loses puck.
11:32 of 2nd period - Farm Player2 is hit by Carl Klingberg and loses puck.
12:09 of 2nd period - Ryan Bourque is hit by Matt Ellis and loses puck.
12:16 of 2nd period - Wrist shot by Jordan Weal.
12:16 of 2nd period - Shot Misses the Net.
12:18 of 2nd period - Wrist shot by Jordan Weal.
12:18 of 2nd period - Stopped by David LeNeveu without a rebound.
12:19 of 2nd period - Carter Camper wins face-off versus Jordan Weal in Admirals zone.
13:22 of 2nd period - Bryan Rodney is hit by Brian Connelly and loses puck.
14:03 of 2nd period - Tyson Strachan is hit by Mike Zigomanis and loses puck.
14:10 of 2nd period - Jerry D'Amigo is hit by Adam Pardy and loses puck.
14:33 of 2nd period - Snap shot by Matt Ellis.
14:33 of 2nd period - Shot Blocked by Cade Fairchild.
14:35 of 2nd period - Snap shot by Matt Ellis.
14:35 of 2nd period - Stopped by David LeNeveu with a rebound.
14:58 of 2nd period - Icing by Kevin Connauton.
14:59 of 2nd period - Jean-Gabriel Pageau wins face-off versus Jordan Weal in Falcons zone.
15:14 of 2nd period - Icing by Jordan Weal.
15:15 of 2nd period - Carter Camper wins face-off versus Jordan Weal in Falcons zone.
15:18 of 2nd period - Snap shot by Mike Sislo.
15:18 of 2nd period - Shot Misses the Net.
15:35 of 2nd period - Snap shot by Quinton Howden.
15:35 of 2nd period - Stopped by David LeNeveu with a rebound.
15:37 of 2nd period - Snap shot by Quinton Howden.
15:37 of 2nd period - Stopped by David LeNeveu with a rebound.
15:39 of 2nd period - Slapshot by Tyson Strachan.
15:39 of 2nd period - Deflect By Mike Sislo.
15:39 of 2nd period - Stopped by David LeNeveu with a rebound.
15:41 of 2nd period - Wrist shot by Quinton Howden.
15:41 of 2nd period - Stopped by David LeNeveu without a rebound.
15:42 of 2nd period - Jean-Gabriel Pageau wins face-off versus Austin Watson in Admirals zone.
16:55 of 2nd period - Slapshot by Kevin Connauton.
16:55 of 2nd period - Shot Misses the Net.
17:05 of 2nd period - Brian Dumoulin is hit by Mike Zigomanis and loses puck.
17:18 of 2nd period - Chris Thorburn is hit by Farm Player43 and loses puck.
18:38 of 2nd period - Off-side.
18:39 of 2nd period - Cal O'Reilly wins face-off versus Carter Camper in neutral zone.
19:33 of 2nd period - Mike Zigomanis is hit by Adam Pardy and loses puck.
19:57 of 2nd period - Jonathan Marchessault is hit by Drew Shore and loses puck.
Goals for this period are 0 for Falcons vs 0 for Admirals.
Shots for this period are 8 for Falcons vs 7 for Admirals.

3rd period


0:01 of 3rd period - Jordan Weal wins face-off versus Jonathan Marchessault in neutral zone.
0:03 of 3rd period - Off-side.
0:04 of 3rd period - Jordan Weal wins face-off versus Mike Zigomanis in neutral zone.
0:19 of 3rd period - Snap shot by Chris Thorburn.
0:19 of 3rd period - Shot Misses the Net.
0:37 of 3rd period - Wrist shot by Chris Thorburn.
0:37 of 3rd period - Stopped by David LeNeveu with a rebound.
0:57 of 3rd period - Sven Andrighetto is hit by Brian Connelly and loses puck.
1:11 of 3rd period - Backhand shot by Darryl Boyce.
1:11 of 3rd period - Shot Misses the Net.
1:19 of 3rd period - Snap shot by Darryl Boyce.
1:19 of 3rd period - Stopped by Troy Grosenick with a rebound.
1:21 of 3rd period - Snap shot by Farm Player2.
1:21 of 3rd period - Shot Misses the Net.
1:23 of 3rd period - Snap shot by Sven Andrighetto.
1:23 of 3rd period - Shot Misses the Net.
2:29 of 3rd period - Wrist shot by Jimmy Bonneau.
2:29 of 3rd period - Stopped by Troy Grosenick without a rebound.
2:30 of 3rd period - Mike Zigomanis wins face-off versus Jordan Weal in Falcons zone.
2:33 of 3rd period - Snap shot by Jimmy Bonneau.
2:33 of 3rd period - Shot Blocked by Tyson Strachan.
3:17 of 3rd period - Off-side.
3:18 of 3rd period - Cal O'Reilly wins face-off versus Jean-Gabriel Pageau in neutral zone.
4:38 of 3rd period - Kevin Connauton is hit by Carter Camper and loses puck.
5:10 of 3rd period - Mitch Callahan is hit by Jonathan Marchessault.
5:30 of 3rd period - Farm Player42 is hit by Jeff Taffe and loses puck.
6:15 of 3rd period - Carter Camper is hit by Jeff Taffe and loses puck.
6:48 of 3rd period - Snap shot by Jonathan Marchessault.
6:48 of 3rd period - Stopped by Troy Grosenick with a rebound.
7:08 of 3rd period - Wrist shot by Jordan Weal.
7:08 of 3rd period - Stopped by David LeNeveu with a rebound.
7:56 of 3rd period - Matt Ellis is hit by Jimmy Bonneau and loses puck.
8:55 of 3rd period - Minor Penalty to Farm Player2 for Hooking.
8:56 of 3rd period - Mitch Callahan wins face-off versus Farm Player11 in Admirals zone.
10:00 of 3rd period - Snap shot by Quinton Howden.
10:00 of 3rd period - Deflect By Mitch Callahan.
10:00 of 3rd period - Stopped by David LeNeveu without a rebound.
10:01 of 3rd period - Austin Watson wins face-off versus Mike Zigomanis in Admirals zone.
10:44 of 3rd period - Slapshot by Adam Pardy.
10:44 of 3rd period - Deflect By Mitch Callahan.
10:44 of 3rd period - Stopped by David LeNeveu with a rebound.
10:55 of 3rd period - Penalty to Farm Player2 is over, Farm Player2 is back on ice.
11:15 of 3rd period - Icing by Jean-Gabriel Pageau.
11:16 of 3rd period - Jean-Gabriel Pageau wins face-off versus Jordan Weal in Admirals zone.
11:21 of 3rd period - Adam Pardy is hit by Nathan McIver and loses puck.
13:05 of 3rd period - Snap shot by Mike Zigomanis.
13:05 of 3rd period - Stopped by Troy Grosenick with a rebound.
14:24 of 3rd period - Wrist shot by Matt Ellis.
14:24 of 3rd period - Stopped by David LeNeveu with a rebound.
15:09 of 3rd period - Jordan Weal is hit by Jean-Gabriel Pageau.
15:19 of 3rd period - Darryl Boyce is hit by Matt Ellis and loses puck.
16:20 of 3rd period - Off-side.
16:21 of 3rd period - Austin Watson wins face-off versus Farm Player42 in neutral zone.
16:39 of 3rd period - Off-side.
16:40 of 3rd period - Jean-Gabriel Pageau wins face-off versus Jordan Weal in neutral zone.
17:04 of 3rd period - Tyson Strachan is hit by Jean-Gabriel Pageau and loses puck.
17:19 of 3rd period - Drew Shore is hit by Mike Zigomanis and loses puck.
17:28 of 3rd period - Jonathan Marchessault is hit by Chris Thorburn and loses puck.
17:49 of 3rd period - Snap shot by Mike Sislo.
17:49 of 3rd period - Stopped by Troy Grosenick with a rebound.
18:10 of 3rd period - Tyson Strachan is hit by Jimmy Bonneau and loses puck.
18:27 of 3rd period - Mitch Callahan is hit by Ryan Bourque and loses puck.
18:56 of 3rd period - Slapshot by Kevin Connauton.
18:56 of 3rd period - Deflect By Jean-Gabriel Pageau.
18:56 of 3rd period - Stopped by David LeNeveu without a rebound.
18:57 of 3rd period - Jean-Gabriel Pageau wins face-off versus Jordan Weal in Admirals zone.
Goals for this period are 0 for Falcons vs 0 for Admirals.
Shots for this period are 6 for Falcons vs 5 for Admirals.

Overtime #1


0:01 of 1st overtime period - Cal O'Reilly wins face-off versus Mike Zigomanis in neutral zone.
0:51 of 1st overtime period - Mike Zigomanis is hit by Jordan Weal and loses puck.
1:21 of 1st overtime period - Snap shot by Jonathan Marchessault.
1:21 of 1st overtime period - Stopped by Troy Grosenick with a rebound.
1:27 of 1st overtime period - Mike Zigomanis is hit by Brian Dumoulin and loses puck.
1:38 of 1st overtime period - Slapshot by Kevin Connauton.
1:38 of 1st overtime period - Shot Misses the Net.
1:40 of 1st overtime period - Snap shot by Chris Thorburn.
1:40 of 1st overtime period - Shot Misses the Net.
1:42 of 1st overtime period - Wrist shot by Chris Thorburn.
1:42 of 1st overtime period - Shot Misses the Net.
1:48 of 1st overtime period - Wrist shot by Chris Thorburn.
1:48 of 1st overtime period - Shot Misses the Net.
2:03 of 1st overtime period - Wrist shot by Jeff Taffe.
2:03 of 1st overtime period - Stopped by David LeNeveu with a rebound.
2:20 of 1st overtime period - Jonathan Marchessault is hit by Jordan Weal.
2:45 of 1st overtime period - Carter Camper is hit by Brian Connelly and loses puck.
2:52 of 1st overtime period - Snap shot by Bryan Rodney.
2:52 of 1st overtime period - Deflect By Jeff Taffe.
2:52 of 1st overtime period - Stopped by Troy Grosenick without a rebound.
2:53 of 1st overtime period - Cal O'Reilly wins face-off versus Ryan Bourque in Falcons zone.
3:08 of 1st overtime period - Snap shot by Mike Sislo.
3:08 of 1st overtime period - Stopped by Troy Grosenick with a rebound.
3:10 of 1st overtime period - Snap shot by Cade Fairchild.
3:10 of 1st overtime period - Deflect By Mike Sislo.
3:10 of 1st overtime period - Stopped by Troy Grosenick with a rebound.
3:12 of 1st overtime period - Snap shot by Mike Sislo.
3:12 of 1st overtime period - Shot Misses the Net.
3:14 of 1st overtime period - Slapshot by Bryan Rodney.
3:14 of 1st overtime period - Stopped by Troy Grosenick without a rebound.
3:15 of 1st overtime period - Jean-Gabriel Pageau wins face-off versus Cal O'Reilly in Falcons zone.
3:20 of 1st overtime period - Wrist shot by Jean-Gabriel Pageau.
3:20 of 1st overtime period - Shot Blocked by Tyson Strachan.
3:22 of 1st overtime period - Slapshot by Cade Fairchild.
3:22 of 1st overtime period - Stopped by Troy Grosenick with a rebound.
3:24 of 1st overtime period - Slapshot by Bryan Rodney.
3:24 of 1st overtime period - Shot Misses the Net.
3:26 of 1st overtime period - Snap shot by Jean-Gabriel Pageau.
3:26 of 1st overtime period - Stopped by Troy Grosenick without a rebound.
3:27 of 1st overtime period - Jean-Gabriel Pageau wins face-off versus Cal O'Reilly in Falcons zone.
3:49 of 1st overtime period - Jeff Taffe is hit by Jean-Gabriel Pageau and loses puck.
3:56 of 1st overtime period - Wrist shot by Carter Camper.
3:56 of 1st overtime period - Stopped by Troy Grosenick without a rebound.
3:57 of 1st overtime period - Jeff Taffe wins face-off versus Ryan Bourque in Falcons zone.
Goals for this period are 0 for Falcons vs 0 for Admirals.
Shots for this period are 1 for Falcons vs 8 for Admirals.

ShootOut


5:00 of 1st overtime period - Penalty Shot by Cal O'Reilly for Falcons.
5:00 of 1st overtime period - Backhand shot by Cal O'Reilly.
5:00 of 1st overtime period - Stopped by David LeNeveu.
5:00 of 1st overtime period - Penalty Shot by Mike Zigomanis for Admirals.
5:00 of 1st overtime period - Snap shot by Mike Zigomanis.
5:00 of 1st overtime period - Stopped by Troy Grosenick.
5:00 of 1st overtime period - Penalty Shot by Drew Shore for Falcons.
5:00 of 1st overtime period - Deke by Drew Shore.
5:00 of 1st overtime period - Shot Misses the Net.
5:00 of 1st overtime period - Penalty Shot by Jonathan Marchessault for Admirals.
5:00 of 1st overtime period - Snap shot by Jonathan Marchessault.
5:00 of 1st overtime period - Stopped by Troy Grosenick.
5:00 of 1st overtime period - Penalty Shot by Chris Thorburn for Falcons.
5:00 of 1st overtime period - Deke by Chris Thorburn.
5:00 of 1st overtime period - Stopped by David LeNeveu.
5:00 of 1st overtime period - Penalty Shot by Jean-Gabriel Pageau for Admirals.
5:00 of 1st overtime period - Wrist shot by Jean-Gabriel Pageau.
5:00 of 1st overtime period - Shot Misses the Net.
5:00 of 1st overtime period - Penalty Shot by Austin Watson for Falcons.
5:00 of 1st overtime period - Backhand shot by Austin Watson.
5:00 of 1st overtime period - Shot Misses the Net.
5:00 of 1st overtime period - Penalty Shot by Carter Camper for Admirals.
5:00 of 1st overtime period - Deke by Carter Camper.
5:00 of 1st overtime period - Stopped by Troy Grosenick.
5:00 of 1st overtime period - Penalty Shot by Jordan Weal for Falcons.
5:00 of 1st overtime period - Deke by Jordan Weal.
5:00 of 1st overtime period - Stopped by David LeNeveu.
5:00 of 1st overtime period - Penalty Shot by Jerry D'Amigo for Admirals.
5:00 of 1st overtime period - Backhand shot by Jerry D'Amigo.
5:00 of 1st overtime period - Goal by Jerry D'Amigo.


Output by the SimonT Hockey Simulator (STHS) for Eric Dolegowski -- Original Page W3C XHTML 1.0 Valid
Hockey Simulator - Hockey Simulation - Hockey Manager